 Seeded DCSS version 0.28-a0-1555-g9ae15a6949 (webtiles) character file.

Game seed: 20220100 (custom seed)

79 a11behringer the Skirmisher (level 4, 0/41 HPs)
             Began as a Minotaur Fighter on Jan 18, 2022.
             Slain by Ijyb (4 damage)
             ... on level 3 of the Dungeon.
             The game lasted 00:03:37 (2052 turns).

a11behringer the Skirmisher (Minotaur Fighter)      Turns: 2052, Time: 00:03:40

Health: 0/41       AC:  7    Str: 22    XL:     4   Next: 16%
Magic:  3/3        EV:  9    Int: 11    God:
Gold:   42         SH:  4    Dex: 10    Spells: 3/3 levels left

rFire   . . .      SeeInvis .   a - +0 long sword
rCold   . . .      Faith    .   c - +0 buckler
rNeg    . . .      Spirit   .   b - +0 scale mail
rPois   .          Reflect  .   (helmet restricted)
rElec   .          Harm     .   (no cloak)
rCorr   .          Rampage  .   (no gloves)
Will    .....                   (no boots)
Stlth   ..........              (no amulet)
HPRegen 0.13/turn               n - +6 ring of intelligence
MPRegen 0.08/turn               (no ring)

@: mighty
A: horns 2, retaliatory headbutt
a: no special abilities


You were on level 3 of the Dungeon.
You visited 1 branch of the dungeon, and saw 4 of its levels.

You collected 42 gold pieces.

Inventory:

Hand Weapons
 a - a +0 long sword (weapon)
 e - a +0 dagger of speed
Missiles
 h - 2 javelins (quivered)
 i - 12 sling bullets
 j - 22 arrows
 p - 5 curare-tipped darts
 q - 15 bolts
Armour
 b - a +0 scale mail (worn)
 c - a +0 buckler (worn)
Jewellery
 n - a +6 ring of intelligence (left hand)
Scrolls
 f - a scroll of immolation {unknown}
 g - a scroll of enchant weapon {unknown}
 l - a scroll of enchant armour {unknown}
 m - a scroll of amnesia {unknown}
 o - a scroll of noise {unknown}
Potions
 k - a potion of flight {unknown}


   Skills:
 + Level 4.4 Fighting
 * Level 3.7 Long Blades
 + Level 4.3 Armour
 + Level 4.0 Shields


You had 3 spell levels left.
You didn't know any spells.
Your spell library contained the following spells:

 Spells                   Type           Power      Damage    Failure   Level
 Sandblast                Erth           0%         2d4       75%         1
 Corpse Rot               Necr/Air       0%         N/A       87%         2
 Passwall                 Tmut/Erth      0%         N/A       87%         2
 Poisonous Vapours        Pois/Air       0%         N/A       87%         2
 Stone Arrow              Conj/Erth      0%         3d7       98%         3


Dungeon Overview and Level Annotations

Branches:
Dungeon (4/15)
 Temple: D:4-7

Altars:

Annotations:
D:3 Ijyb


Innate Abilities, Weirdness & Mutations

You have a pair of horns on your head.
You reflexively headbutt those who attack you in melee.


Message History

The hobgoblin hits you but does no damage.
The orc hits you but does no damage.
The orc priest mumbles some strange prayers to Beogh against you.
Beogh smites you!
The hobgoblin hits you but does no damage.
You block the orc's attack.
You feel very mighty all of a sudden. The orc hits you but does no damage.
The orc closely misses you. You furiously retaliate!
You headbutt the orc!
You kill the orc!
The hobgoblin hits you but does no damage.
You are too injured to fight recklessly!
You are too injured to fight recklessly!
You are too injured to fight recklessly!
You hit the orc. Your headbutt misses the orc.
The orc is severely wounded.
The orc closely misses you. The hobgoblin barely misses you.
You slash the orc!
You kill the orc!
A hobgoblin comes into view.
The orc hits you but does no damage. The hobgoblin barely misses you.
You furiously retaliate!
You headbutt the hobgoblin!!
You kill the hobgoblin!
You hit the orc priest.
The orc priest is almost dead.
The orc priest hits you but does no damage.
The orc hits you but does no damage. The orc priest hits you with a +0 club.
You completely miss the orc priest.
The orc priest is almost dead.
The orc hits you but does no damage. Ijyb hits you but does no damage.
The orc priest hits you but does no damage.
The orc hits you with a +0 falchion.
You barely miss the orc priest.
The orc priest is almost dead.
Ijyb barely misses you. You furiously retaliate!
You headbutt Ijyb!!
The orc priest mumbles some strange prayers to Beogh against you.
Beogh smites you!
* * * LOW HITPOINT WARNING * * *
The orc hits you but does no damage. Ijyb hits you with a +0 dagger.
You die...

### #.# ##
####.##.. .... .
.....##.######..#
... #. .........
...# ....##.
#.##...# #..#
......g##.##...#
#..#
.....lo@.......#
#..#
###.#.o##......#
#..# ..g..
####...####..###
....#..
#......#.......
#.# #..
#.######.###### #
#.. #...........#
#.. ########....#
#.. ######


You could see Ijyb, an iguana, an orc priest, an orc and a hobgoblin.

Vanquished Creatures
  2 adders (D:2)
  A worm (D:2)
  3 dart slugs (D:1)
  3 orcs (D:3)
  4 endoplasms
  A giant cockroach (D:1)
  6 goblins
  6 hobgoblins
  A kobold (D:1)
  3 quokkas
  5 ball pythons
  4 bats (D:1)
  3 frilled lizards (D:2)
  4 rats
46 creatures vanquished.

Notes
Turn   | Place    | Note
-------+----------+-------------------------------------------
     0 | D:1      | a11behringer the Minotaur Fighter began the quest for the
                  | Orb.
     0 | D:1      | Reached XP level 1. HP: 19/19 MP: 0/0
   190 | D:1      | Reached XP level 2. HP: 22/27 MP: 1/1
   457 | D:1      | Found a faded altar of an unknown god.
   680 | D:1      | Reached XP level 3. HP: 33/33 MP: 2/2
  1653 | D:2      | Reached XP level 4. HP: 41/41 MP: 3/3
  1657 | D:2      | You fall into a shaft and drop 2 floors!
  1677 | D:4      | Noticed an ogre
  2043 | D:3      | Noticed Ijyb
  2052 | D:3      | Slain by Ijyb

Illustrated notes

Levels and vault maps discovered:
D:1:      dpeg_arrival_arbitrary_a, layout_basic,
          shapermc_ecumenical_altar_venn, minmay_tetromino_s2
D:2:      minmay_wonky_spiral, layout_loops_ring
D:3:      layout_basic, uniq_ijyb
D:4:      layout_loops_ring

Skill      XL: |  1  2  3 |
---------------+----------+-----
Armour         | 4 |  4.3
Shields        | 4 |  4.0
Long Blades    | 3 |  3.7
Fighting       | 4 |  4.4

Action                   |  1- 3 |  4- 6 || total
-------------------------+-------+-------++-------
Melee: Long sword        |    70 |    14 ||    84
       Headbutt          |    10 |     3 ||    13
  Use: Potion            |       |     1 ||     1
Armor: Scale mail        |    29 |    14 ||    43
Dodge: Dodged            |    45 |     7 ||    52
Block: Buckler           |    13 |     1 ||    14

Table legend: (Time is in decaauts)
 A = Elapsed time spent in this place.
 B = Non-inter-level travel time spent in this place.
 C = Inter-level travel time spent in this place.
 D = Time resting spent in this place.
 E = Time spent auto-exploring this place.
 F = Levels seen in this place.
 G = Mean time per level.
                   A        B        C        D        E       F      G
               +--------+--------+--------+--------+--------+-----+--------+
         Total |   2075 |   1931 |    144 |      0 |   1642 |   4 |  518.8 |
       Dungeon |   2075 |   1931 |    144 |      0 |   1642 |   4 |  518.8 |
               +--------+--------+--------+--------+--------+-----+--------+

Top non-repeatable levels by time:
     D:2: 1058 daAuts
     D:1: 822 daAuts
     D:3: 104 daAuts
     D:4: 89 daAuts
